 Dungeon Crawl Stone Soup version 0.29.0-5-ge4962eb29e (webtiles) character file.

Game seed: 12995568409730424507

95 Strat the Cudgeller (level 4, -2/28 HPs)
             Began as a Gargoyle Fighter on Aug 28, 2022.
             Killed by divine providence
             ... invoked by an orc priest
              (12 damage)
             ... on level 3 of the Dungeon.
             The game lasted 00:04:34 (993 turns).

Strat the Cudgeller (Gargoyle Fighter)               Turns: 993, Time: 00:04:35

Health: -2/28      AC: 11    Str: 22    XL:     4   Next: 65%
Magic:  0/4        EV:  9    Int:  8    God:
Gold:   102        SH:  4    Dex:  9    Spells: 3/3 levels left

rFire   . . .      SeeInvis .   a - +0 flail
rCold   . . .      Faith    .   c - +0 buckler
rNeg    + . .      Spirit   +   b - +0 scale mail
rPois   ∞          Reflect  .   (no helmet)
rElec   +          Harm     .   (no cloak)
rCorr   .          Rampage  .   l - +0 pair of gloves
Will    .....                   (no boots)
Stlth   ..........              i - amulet of guardian spirit
HPRegen 0.09/turn               (no ring)
MPRegen 0.09/turn               (no ring)

@: no status effects
A: sickness immunity, AC +3, negative energy resistance 1, electricity
resistance, torment resistance 1, petrification resistance
a: no special abilities


You were on level 3 of the Dungeon.
You visited 1 branch of the dungeon, and saw 3 of its levels.

You collected 102 gold pieces.

Inventory:

Hand Weapons
 a - a +0 flail (weapon)
Armour
 b - a +0 scale mail (worn)
 c - a +0 buckler (worn)
 l - a +0 pair of gloves (worn)
Jewellery
 i - an amulet of guardian spirit (around neck)
Scrolls
 e - a scroll of blinking {unknown}
 f - 2 scrolls of noise {unknown}
 g - a scroll of enchant armour {unknown}
 m - 2 scrolls of immolation {unknown}
 n - a scroll of amnesia {unknown}
Potions
 d - 2 potions of might
 h - a potion of attraction {unknown}
 j - a potion of curing {unknown}
 k - a potion of degeneration {unknown}
 o - a potion of haste {unknown}


   Skills:
 - Level 3.2 Fighting
 + Level 4.7 Maces & Flails
 - Level 3.2 Armour
 - Level 3.2 Shields


You had 3 spell levels left.
You didn't know any spells.
Your spell library contained the following spells:

 Spells                   Type           Power      Damage    Failure   Level
 Slow                     Hex            0%         N/A       83%         1
 Confusing Touch          Hex            0%         N/A       99%         3
 Vampiric Draining        Necr           0%         2d6       99%         3


Dungeon Overview and Level Annotations

Branches:
Dungeon (3/15)

Altars:

Shops:
D:1 :


Innate Abilities, Weirdness & Mutations

You are immune to sickness and miasma.
Your stone body is resilient. (AC +3)
You are immune to poison.
You resist negative energy. (rN+)
You are resistant to electric shocks. (rElec)
You are resistant to unholy torment.
You are immune to petrification.


Message History

The bat hits you.
You hit the orc priest but do no damage.
The bat barely misses you.
The orc priest hits you with a +0 trident.
You hit the orc priest but do no damage.
The bat hits you but does no damage. The bat barely misses you.
The orc priest hits you with a +0 trident.
You hit the orc priest.
The orc priest is moderately wounded.
The bat hits you but does no damage.
The orc priest calls down the wrath of Beogh upon you.
Beogh smites you!
* * * LOW HITPOINT WARNING * * *
The orc barely misses you.
You barely miss the orc priest.
The orc priest is moderately wounded.
The bat barely misses you.
The orc priest hits you with a +0 trident.
* * * LOW HITPOINT WARNING * * *
You block the orc's attack.
You hit the orc priest.
The orc priest is heavily wounded.
You block the bat's attack. The orc priest barely misses you.
The orc barely misses you.
You hit the orc priest but do no damage.
The orc priest is heavily wounded.
The bat closely misses you.
An orc priest comes into view. It is wielding a +0 mace.
The orc priest hits you but does no damage.
The orc closely misses you.
You hit the orc priest but do no damage.
The orc priest is heavily wounded.
The bat barely misses you. The bat misses you.
You block the orc priest's attack. The orc closely misses you.
You hit the orc priest.
The orc priest is heavily wounded.
The bat hits you but does no damage.
The orc priest calls down the wrath of Beogh upon you.
Beogh smites you!
You die... )†.###...# .# . .#. .........# ... .# #<. ...# ..####...## #.# .#ob #..# ..####....###.# .og

#..# ............#.# #.#
..#
..#.#.###.#.#.#####b#
..#
............#.#..og.#
#.#
#.#.#.###.#...#o#####
#.# #.#.#.#$#.#....o@b##
#.#
#.#.#.###.#........#####
#.#
#.#.........###.........
###.# ....#.###.#.#
#....#### ##...#
#.#.........# #.#.##
#...## ..#..##....##
#.#.# .....###.# #..>#
#.#.# ####. ##. ....
..#.# # #. ... .....#
##.


You could see an orc priest, an orc and a bat.

Vanquished Creatures
  4 adders
  2 worms
  2 orcs (D:3)
  7 ball pythons
  3 endoplasms
  2 giant cockroaches
  3 goblins (D:1)
  5 hobgoblins
  3 jackals (D:1)
  6 kobolds
  3 quokkas
  3 bats
  2 frilled lizards (D:1)
  3 rats
48 creatures vanquished.

Notes
Turn   | Place    | Note
-------+----------+-------------------------------------------
     0 | D:1      | Strat the Gargoyle Fighter began the quest for the Orb.
     0 | D:1      | Reached XP level 1. HP: 14/14 MP: 1/1
   103 | D:1      | Reached XP level 2. HP: 11/19 MP: 2/2
   161 | D:1      | Found Husa's Book Shop.
   256 | D:1      | Reached skill level 3 in Maces & Flails
   385 | D:1      | Reached XP level 3. HP: 18/23 MP: 3/3
   713 | D:2      | Reached skill level 4 in Maces & Flails
   738 | D:2      | Reached XP level 4. HP: 28/28 MP: 4/4
   993 | D:3      | Killed from afar by an orc priest

Illustrated notes

Levels and vault maps discovered:
D:1:      matt_arrival_grand_opening, layout_basic,
          shapermc_ecumenical_altar_mp_highgroup, serial_shops,
          nicolae_shop_waterfront, st_stairs_9
D:2:      layout_loops_corners
D:3:      layout_loops_ring, nzn_hepliaklqana_mist_gate, gup_sewer_entry_pipe,
          minmay_surrounded

Skill      XL: |  1  2  3 |
---------------+----------+-----
Maces & Flails | 3 4 |  4.7
Fighting       | |  3.2
Armour         | |  3.2
Shields        | |  3.2

Action                   |  1- 3 |  4- 6 || total
-------------------------+-------+-------++-------
Melee: Flail             |   108 |    59 ||   167
Armor: Scale mail        |    63 |    41 ||   104
Dodge: Dodged            |    72 |    33 ||   105
Block: Buckler           |    16 |    12 ||    28
